 Dungeon Crawl Stone Soup version 0.24.0-125-gc4c63601f3 (webtiles) character file.

Game seed: 4352119994341092833, levelgen mode: deterministic

14202 Johnny the Fighter (level 12, -4/116 HPs)
             Began as a Naga Berserker on Feb 26, 2020.
             Was an Elder of Trog.
             Slain by a basilisk (19 damage)
             ... on level 11 of the Dungeon.
             The game lasted 00:14:35 (11095 turns).

Johnny the Fighter (Naga Berserker)                Turns: 11095, Time: 00:14:35

Health: -4/116     AC:  1    Str: 23    XL:     12   Next: 14%
Magic:  12/12      EV:  9    Int:  7    God:    Trog [****..]
Gold:   769        SH:  8    Dex: 13    Spells: 11/11 levels left

rFire    . . .     SeeInvis +     - Unarmed
rCold    . . .     Gourm    .   t - +0 shield
rNeg     + + .     Faith    .   O - +3 scale mail {rN+}
rPois    +         Spirit   .   (no helmet)
rElec    .         Reflect  .   u - scarf {repulsion}
rCorr    .         Harm     .   F - +0 pair of gloves (curse)
MR       ++...                  (no barding)
Stlth    ..........             l - amulet of regeneration
HPRegen  0.69/turn              n - ring of positive energy
MPRegen  0.13/turn              G - ring of protection from magic

@: corroded, berserk cooldown, slowed, repel missiles, very slow
A: large, see invisible, deformed body, poison resistance, slowness 2, slow
metabolism 1, spit poison 1, AC +4
a: Spit Poison, Berserk, Trog's Hand, Brothers in Arms, Renounce Religion


You were on level 11 of the Dungeon.
You worshipped Trog.
Trog was greatly pleased with you.
You were hungry.

You visited 2 branches of the dungeon, and saw 12 of its levels.
You also visited: Sewer.

You collected 769 gold pieces.

Inventory:

Hand Weapons
 z - the cursed +1 spear "Votiov" {pierce, rF+ Str+3}
   (You found it on level 7 of the Dungeon)

   It inflicts extra damage upon your enemies.
   It affects your strength (+3).
   It protects you from fire.
   It has a curse placed upon it.
Missiles
 E - a throwing net (quivered)
Armour
 t - a +0 shield (worn)
 u - a scarf of repulsion (worn)
 F - a cursed +0 pair of gloves (worn)
 O - a +3 scale mail of positive energy (worn)
Jewellery
 l - an amulet of regeneration (around neck)
 n - a ring of positive energy (left hand)
 G - a ring of protection from magic (right hand)
Wands
 p - a wand of iceblast (2)
 y - a wand of paralysis (9)
 L - a wand of polymorph (8)
 R - a wand of random effects (20)
Scrolls
 a - 2 scrolls of enchant armour
 c - a scroll of blinking
 e - 2 scrolls of amnesia
 g - 3 scrolls of fog
 h - a scroll of immolation
 k - 3 scrolls of remove curse
 m - a scroll of magic mapping
 o - 2 scrolls of fear
 q - 2 scrolls of noise
 r - 3 scrolls of teleportation
 s - a scroll of brand weapon
 H - a scroll of enchant weapon {unknown}
 M - a scroll of random uselessness {unknown}
 P - a scroll of holy word {unknown}
Potions
 d - a potion of brilliance {unknown}
 f - 2 potions of flight {unknown}
 i - a potion of mutation {unknown}
 j - 10 potions of curing
 v - a potion of cancellation {unknown}
 x - a potion of agility
 A - 2 potions of degeneration {unknown}
 B - a potion of might {unknown}
 D - a potion of lignification {unknown}
 J - a potion of berserk rage {unknown}
Miscellaneous
 C - a sack of spiders
Comestibles
 b - 11 rations


   Skills:
 + Level 10.2 Fighting
 + Level 8.4 Armour
 + Level 8.3 Dodging
 + Level 10.2 Unarmed Combat


You had 11 spell levels left.
You didn't know any spells.
Your spell library contained the following spells:

 Spells                   Type           Power        Failure   Level  Hunger
 Infusion                 Chrm           #...         100%        1    ##.....
 Shroud of Golubria       Chrm/Tloc      #.....       100%        2    ###....
 Song of Slaying          Chrm           #.......     100%        2    ###....
 Regeneration             Chrm/Necr      #.........   100%        3    ####...
 Spectral Weapon          Hex/Chrm       #.......     100%        3    ####...


Dungeon Overview and Level Annotations

Branches:
Dungeon (11/15)            Temple (1/1) D:4            Lair (0/6) D:10
    Orc (0/2) D:10          Sewer (visited)

Altars:
Ashenzari
Cheibriados
Dithmenos
Elyvilon
Fedhas
Gozag
Hepliaklqana
Kikubaaqudgha
Makhleb
Nemelex Xobeh
Okawaru
Qazlal
Ru
Sif Muna
Trog
Uskayaw
Vehumet
Wu Jian
Xom
Yredelemnul
Zin
The Shining One

Shops:
D:6 (   D:10 [

Annotations:
D:5 3 runed translucent doors, GreyFruit's ghost, novice HOMo


Innate Abilities, Weirdness & Mutations

You cannot wear boots.
Your serpentine skin is tough. (AC +4)
You have supernaturally acute eyesight. (SInv)
Armour fits poorly on your strangely shaped body.
Your system is resistant to poisons. (rPois)
You cover ground very slowly.
You have a slow metabolism.
You can spit poison.


Message History

Unknown command.
Unknown command.
Unknown command.
As you read the scroll of teleportation, it crumbles to dust.
You feel strangely unstable.
The centaur warrior completely misses you.
A basilisk comes into view.
The centaur warrior hits you!
* * * LOW HITPOINT WARNING * * *
Your surroundings suddenly seem different.
The basilisk hisses angrily.
A hound comes into view.
The hound barks!
A crimson imp comes into view.
It is wielding the +5 short sword of the Ring {speed, Dex+4}.
The crimson imp shouts!
You block the basilisk's attack.
The crimson imp hits you with the +5 short sword of the Ring {speed, Dex+4}.
* * * LOW HITPOINT WARNING * * *
The basilisk bites you!!
You die...

#. ## # ...:# #. ..:"#
#.######### ##..|#
'..F....... ##..:.#
#.......... ....}
#.......... ...#
##..........
#.##5.#.##........###
#..@h.##.........#..
###l###..........#..
..T...#........###
......Zc(.###'#....
.C......W..#...#....
............#...#....
.............#...#....
..............#...#....
.........#.>.#....


You could see a cyclops (fleeing), a troll, a basilisk, a hound and a crimson
imp.

Vanquished Creatures
  Erolcha (D:11)
  Harold (D:8)
  Erica (D:10)
  A two-headed ogre (D:11)
  An ogre mage (D:11)
  2 unseen horrors (D:11)
  An ugly thing (D:11)
  A troll (D:11)
  Grinder (D:4)
  Sigmund (D:2)
  A wyvern (D:11)
  3 yaks
  A wraith (D:11)
  Grum (D:10)
  2 hungry ghosts (D:11)
  A vampire mosquito (D:11)
  A water moccasin (D:9)
  A porcupine (D:10)
  6 orc warriors
  A necrophage (D:9)
  2 sky beasts
  4 ice beasts
  A phantom (D:11)
  2 black bears (D:10)
  3 wolves (D:10)
  7 ogres
  5 centaurs
  Blork the orc (D:4)
  2 big kobolds
  10 bullfrogs
  A water moccasin zombie (D:9)
  A water moccasin skeleton (D:8)
  4 scorpions
  6 killer bees
  3 wights (D:8)
  A howler monkey (D:11)
  3 crimson imps
  2 centaur skeletons
  3 jellies
  3 bullfrog skeletons
  A bullfrog zombie (D:5)
  3 orc priests
  8 hounds
  2 iguanas
  8 orc wizards
  8 worker ants
  Natasha (D:2)
  A killer bee zombie (D:7)
  A hound zombie (D:6)
  10 gnolls
  11 adders
  3 shadow imps
  13 oozes
  An adder zombie (D:7)
  An adder skeleton (D:5)
  3 worms
  3 dart slugs
  11 leopard geckos
  38 orcs
  16 ball pythons
  13 giant cockroaches
  3 goblins
  10 hobgoblins
  4 jackals
  8 quokkas
  2 bats (D:2)
  18 frilled lizards
  A jackal skeleton (D:4)
  13 kobolds
  2 quokka skeletons
  A quokka zombie (D:6)
  3 rats (D:2)
314 creatures vanquished.

Vanquished Creatures (collateral kills)
  Josephine (D:10)
  A cyclops (D:11)
  A manticore (D:11)
  A tarantella (D:10)
  3 wraiths (D:10)
  An orc warrior (D:11)
  An eye of draining (D:9)
  3 killer bees (D:11)
  A crimson imp (D:10)
  A bullfrog zombie (D:11)
  A hound (D:11)
  A hound zombie (D:11)
  An orc (D:11)
17 creatures vanquished.

Vanquished Creatures (others)
  A killer bee (D:11)
1 creature vanquished.

Grand Total: 332 creatures vanquished

Notes
Turn   | Place    | Note
-------+----------+-------------------------------------------
     0 | D:1      | Johnny the Naga Berserker began the quest for the Orb.
     0 | D:1      | Reached XP level 1. HP: 21/21 MP: 1/1
   426 | D:1      | Reached XP level 2. HP: 23/28 MP: 2/2
   855 | D:2      | Reached XP level 3. HP: 14/34 MP: 3/3
  1332 | D:2      | Noticed Natasha
  1337 | D:2      | Killed Natasha
  1337 | D:2      | Reached XP level 4. HP: 42/42 MP: 4/4
  1374 | D:2      | Reached ** piety under Trog
  1666 | D:2      | Noticed Sigmund
  1679 | D:2      | Killed Sigmund
  1679 | D:2      | Reached XP level 5. HP: 50/50 MP: 5/5
  1679 | D:2      | Reached XP level 6. HP: 57/57 MP: 6/6
  3299 | D:4      | Noticed Grinder
  3303 | D:4      | Reached XP level 7. HP: 66/66 MP: 7/7
  3313 | D:4      | Killed Grinder
  3313 | D:4      | Reached skill level 5 in Fighting
  3321 | D:4      | Reached skill level 5 in Unarmed Combat
  3421 | D:4      | Noticed Blork the orc
  3446 | D:4      | Killed Blork the orc
  3466 | D:4      | Reached XP level 8. HP: 58/74 MP: 8/8
  3548 | D:4      | Found a staircase to the Ecumenical Temple.
  3640 | D:4      | Found a stormy altar of Qazlal.
  3915 | Temple   | Entered the Ecumenical Temple
  4065 | D:5      | Entered Level 5 of the Dungeon
  4092 | D:5      | Reached *** piety under Trog
  4194 | D:5      | Found a shimmering blue altar of Sif Muna.
  4883 | D:5      | Found a runed translucent gate.
  4884 | D:5      | Found a runed translucent gate.
  4885 | D:5      | Found a runed translucent gate.
  4886 | D:5      | Noticed GreyFruit's ghost (novice HOMo)
  5019 | D:6      | Found a glowing drain.
  5044 | Sewer    | Entered a sewer
  5209 | Sewer    | Reached **** piety under Trog
  5225 | Sewer    | Received a gift from Trog
  5657 | D:6      | Reached XP level 9. HP: 84/84 MP: 9/9
  5731 | D:6      | Reached skill level 5 in Armour
  5738 | D:6      | Reached skill level 5 in Dodging
  5870 | D:6      | Reached ***** piety under Trog
  5995 | D:6      | Found Zomeff's Weapon Shoppe.
  6619 | D:7      | Got an ancient spear
  6826 | D:7      | Identified the cursed +1 spear "Votiov" {pierce, rF+ Str+3}
                  | (You found it on level 7 of the Dungeon)
  6924 | D:7      | Found a glowing golden altar of the Shining One.
  7019 | D:7      | Received a gift from Trog
  7679 | D:8      | Noticed Harold
  7701 | D:8      | Killed Harold
  7701 | D:8      | Reached XP level 10. HP: 84/96 MP: 10/10
  9176 | D:10     | Entered Level 10 of the Dungeon
  9228 | D:10     | Noticed Erica
  9240 | D:10     | Killed Erica
  9298 | D:10     | Found a staircase to the Orcish Mines.
  9309 | D:10     | Found Cusuib's Armour Shop.
  9311 | D:10     | Noticed Josephine
  9321 | D:10     | Killed Josephine
  9321 | D:10     | Reached XP level 11. HP: 77/104 MP: 11/11
  9431 | D:10     | Received a gift from Trog
  9484 | D:10     | Noticed Grum
  9513 | D:10     | Killed Grum
  9860 | D:10     | Got a warped leather armour
  9872 | D:10     | Identified the +0 leather armour of the Vaults {-Tele MR+
                  | Str+8} (You found it on level 10 of the Dungeon)
  9918 | D:10     | Found a staircase to the Lair.
  9975 | D:10     | Noticed Urug
 10001 | D:10     | Noticed Urug
 10001 | D:10     | Urug changed into Urug the tarantella
 10002 | D:10     | Killed Urug the tarantella
 10260 | D:11     | Noticed Erolcha
 10271 | D:11     | Killed Erolcha
 10409 | D:11     | Noticed a cyclops
 10430 | D:11     | Killed a cyclops
 10605 | D:11     | Noticed an unseen horror
 10608 | D:11     | Noticed a two-headed ogre
 10614 | D:11     | Killed an unseen horror
 10619 | D:11     | Killed a two-headed ogre
 10630 | D:11     | Noticed a manticore
 10634 | D:11     | Killed a manticore
 10794 | D:11     | Noticed an unseen horror
 10841 | D:11     | Killed an unseen horror
 10841 | D:11     | Reached skill level 10 in Fighting
 10911 | D:11     | Reached skill level 10 in Unarmed Combat
 10987 | D:11     | Reached XP level 12. HP: 98/116 MP: 12/12
 11070 | D:11     | Noticed an ogre mage
 11075 | D:11     | Noticed a centaur warrior
 11091 | D:11     | Killed an ogre mage
 11095 | D:11     | Identified the +5 short sword of the Ring {speed, Dex+4}
 11095 | D:11     | Slain by a basilisk

Levels and vault maps discovered:
D:1:      lemuel_arrival_lava_pool, layout_loops_cross
D:2:      layout_basic, serial_aquarium, aquarium_bridge_straight
          [aquarium_subvault_bridge, aquarium_subvault_window,
          aquarium_subvault_bridge, aquarium_subvault_window],
          aquarium_bridge_island_small [aquarium_subvault_small_open,
          aquarium_subvault_wall, aquarium_subvault_wall,
          aquarium_subvault_bridge, aquarium_subvault_window],
          aquarium_window_corner, aquarium_window_corridor_3, aquarium_view_2b,
          aquarium_balcony_3b, aquarium_pool_1, uniq_sigmund, uniq_natasha
D:3:      layout_basic, minmay_curled_crystal, glass_columns_a
D:4:      layout_cave_pools, minmay_temple_entry_fiery, first_ration,
          grunt_qazlal_clouds, uniq_blork_the_orc, uniq_grinder
D:5:      layout_loops_ring, ebering_ghost_rock_garden, basic_altar
D:6:      layout_layer_cave, serial_shops, shop, cheibrodos_sewer_entry_sluice
D:7:      layout_basic, tso_oasis_becter, nrook_mini_vaults
D:8:      layout_loops_corners, uniq_harold
D:9:      layout_roguey
D:10:     layout_roguey, grunt_lair_entry_orc_guard_hut, orc_david_3, uniq_urug,
          uniq_erica, uniq_josephine, uniq_grum
D:11:     minmay_the_grid_octo_triangle [minmay_the_grid_octo_empty,
          minmay_the_grid_octo_prize_ultimate_mussel_roller,
          minmay_the_grid_octo_focus], layout_gridville, uniq_erolcha
Temple:   compressed_dpeg_triangle_lava_temple

Skill      XL: |  1  2  3  4  5  6  7  8  9 10 11 |
---------------+----------------------------------+-----
Dodging        | 2 3 4 6 7 8 |  8.3
Armour         | 2 3 4 6 7 8 |  8.4
Fighting       | 4 5 6 7 8 10 | 10.2
Unarmed Combat | 4 5 6 7 8 10 | 10.2

Action                   |  1- 3 |  4- 6 |  7- 9 | 10-12 || total
-------------------------+-------+-------+-------+-------++-------
Melee: Unarmed           |    73 |   185 |   707 |   525 ||  1490
       Punch             |       |     4 |     6 |       ||    10
Invok: Berserk           |     1 |     5 |    13 |    13 ||    32
       Trog's Hand       |       |     2 |     3 |     4 ||     9
       Brothers in Arms  |       |       |       |     4 ||     4
Evoke: Wand              |       |       |     7 |    19 ||    26
       Sack of spiders   |       |       |       |     2 ||     2
  Use: Scroll            |       |       |     8 |     9 ||    17
       Potion            |       |       |       |     3 ||     3
 Stab: Paralysed         |       |       |     3 |       ||     3
       Distracted        |       |       |       |     1 ||     1
  Eat: Chunk             |       |     5 |    20 |    21 ||    46
       Ration            |       |     2 |     2 |     1 ||     5
Armor: Animal skin       |     3 |       |       |       ||     3
       Ring mail         |    17 |    44 |     4 |       ||    65
       Chain mail        |       |       |   393 |   127 ||   520
       Scale mail        |       |       |       |    73 ||    73
Dodge: Dodged            |    31 |    62 |   190 |   139 ||   422
       Deflected         |       |       |     3 |    10 ||    13
Block: Other             |    15 |    29 |     3 |       ||    47
       Reflection        |     4 |       |       |       ||     4
       Shield            |       |       |   205 |   188 ||   393
       Large shield      |       |       |       |     9 ||     9
